 Dungeon Crawl Stone Soup version 0.18.1-48-g4cf74bf (webtiles) character file.

830 Legadrian the Magician (level 7, -26/36 HPs)
             Began as a Deep Elf Venom Mage on June 25, 2016.
             Killed from afar by a hound skeleton (36 damage)
             ... with an exploding inner flame
             ... hexed by the player character
             ... on level 4 of the Dungeon.
             The game lasted 00:29:17 (4829 turns).

Legadrian the Magician (Deep Elf Venom Mage)        Turns: 4829, Time: 00:29:18

Health: -26/36     AC:  2    Str: 10    XL:     7   Next: 65%
Magic:  4/20       EV: 13    Int: 22    God:
Gold:   144        SH:  0    Dex: 15    Spells: 5 memorised, 6 levels left

rFire  . . .     SeeInvis .     j - +2 spear (flame)
rCold  . . .     Gourm    .     a - +0 robe
rNeg   . . .     Faith    .     (no shield)
rPois  .         Spirit   .     (no helmet)
rElec  .         Dismiss  .     (no cloak)
rCorr  .         Reflect  .     (no gloves)
SustAt .         Harm     .     (no boots)
MR     .....                    (no amulet)
Stlth  ++........               (no ring)
                                (no ring)

@: mighty, not resistant to hostile enchantments, unstealthy
A: no striking features
a: no special abilities


You were on level 4 of the Dungeon.
You were not hungry.

You visited 1 branch of the dungeon, and saw 4 of its levels.
You also visited: Sewer.

You collected 144 gold pieces.

Inventory:

Hand Weapons
 d - a +0 whip
 j - a +2 spear of flaming (weapon)
Armour
 a - a +0 robe (worn)
Wands
 l - a wand of confusion (22/48)
 n - a wand of paralysis (8/24)
Scrolls
 c - 2 scrolls of magic mapping
 m - a scroll of remove curse
 o - a scroll of teleportation {unknown}
Potions
 e - a potion of brilliance
 h - 3 potions of curing
Books
 b - a Young Poisoner's Handbook

   Spells                             Type                      Level
   a - Sting                          Conjuration/Poison           1
   b - Cure Poison                    Poison                       2
   c - Mephitic Cloud                 Conjuration/Poison/Air       3
   d - Olgreb's Toxic Radiance        Poison                       4
   e - Venom Bolt                     Conjuration/Poison           5
 p - a Necronomicon

   Spells                             Type                      Level
   a - Haunt                          Necromancy/Summoning         7
   b - Borgnjor's Revivification      Necromancy                   8
   c - Death's Door                   Charms/Necromancy            8
   d - Necromutation                  Transmutation/Necromancy     8
Comestibles
 g - a meat ration
 i - a bread ration


   Skills:
 + Level 0.1 Polearms
 + Level 3.5 Dodging
 + Level 3.2 Stealth
 + Level 7.6 Spellcasting
 + Level 4.0 Conjurations
 + Level 0.6 Air Magic
 + Level 6.7 Poison Magic


You had 6 spell levels left.
You knew the following spells:

 Your Spells              Type           Power        Failure   Level  Hunger
a - Sting                 Conj/Pois      ####         1%          1    None
b - Cure Poison           Pois           #####.....   1%          2    None
c - Mephitic Cloud        Conj/Pois/Air  ####....     6%          3    None
d - Olgreb's Toxic Radia  Pois           #####...     6%          4    ###....
e - Venom Bolt            Conj/Pois      ####......   28%         5    #####..


Dungeon Overview and Level Annotations

Branches:
Dungeon (4/15)
 Temple: D:4-7

Altars:
Cheibriados
Nemelex Xobeh
Ru


Message History

The orc misses you.
As you read the scroll labeled ICEALI ACSAOF, it crumbles to dust.
The creatures around you are filled with an inner flame!
It was a scroll of immolation.
The hound skeleton barely misses you. The orc barely misses you.
The hound skeleton misses you.
Casting: Sting
Confirm with . or Enter, or press ? or * to list all spells.
Aiming: Sting
Press: ? - help, Shift-Dir - straight line, f/p - orc
Aim: an orc, wearing a leather armour (severely wounded, inner flame)
Okay, then.
The hound skeleton bites you.
* * * LOW HITPOINT WARNING * * *
The hound skeleton closely misses you.
You puncture the hound skeleton! You burn the hound skeleton.
The hound skeleton explodes!
The fiery explosion engulfs you!
Ouch! That really hurt!
You die...

## ### ##.## #######
##.#####.#.# #.....#
#.)oo.§§§.#.# #.....####
##.###.§@...# #........##
##.###.##.#.# #.....#....
#.oo...##.#.###....###.##
#...##.# .<.......## ##.#
#..o##.####.####.## ##.
#...##>##.......#.## ##.#
#.#.##..........##.###..#
#....<.##.......##..#....
###.#####.......#....##.#


You could see 2 orcs.

Vanquished Creatures
  7 big kobolds (Sewer)
  A howler monkey (D:4)
  2 orc wizards (D:4)
  Jessica (D:3)
  A worker ant (D:4)
  10 adders
  A river rat (Sewer)
  4 oozes (Sewer)
  An adder skeleton (D:4)
  5 worms
  3 dart slugs (D:2)
  2 giant geckos (D:3)
  7 orcs (D:4)
  4 giant cockroaches
  6 goblins
  3 hobgoblins
  A quokka (D:1)
  4 ball pythons
  8 bats
  3 giant newts
  4 kobolds
  11 rats
89 creatures vanquished.

Notes
Turn   | Place    | Note
--------------------------------------------------------------
     0 | D:1      | Legadrian the Deep Elf Venom Mage began the quest for the Orb.
     0 | D:1      | Reached XP level 1. HP: 10/10 MP: 6/6
   302 | D:1      | Reached XP level 2. HP: 15/15 MP: 4/8
   827 | D:2      | Learned a level 2 spell: Cure Poison
   892 | D:2      | Reached skill level 1 in Conjurations
   949 | D:2      | Found a snail-covered altar of Cheibriados.
   950 | D:2      | Found a sacrificial altar of Ru.
  1170 | D:2      | Reached XP level 3. HP: 19/19 MP: 7/9
  1368 | D:2      | Reached skill level 5 in Poison Magic
  1654 | D:3      | Noticed Jessica
  1659 | D:3      | Killed Jessica
  1659 | D:3      | Reached skill level 4 in Spellcasting
  1659 | D:3      | Reached XP level 4. HP: 24/24 MP: 7/12
  1708 | D:3      | Found a sparkling altar of Nemelex Xobeh.
  2248 | D:3      | Found a glowing drain.
  2252 | Sewer    | Entered a sewer
  2257 | Sewer    | Learned a level 3 spell: Mephitic Cloud
  2262 | Sewer    | Learned a level 4 spell: Olgreb's Toxic Radiance
  2631 | Sewer    | Noticed a big kobold
  2643 | Sewer    | Reached XP level 5. HP: 25/28 MP: 2/14
  2648 | Sewer    | Reached skill level 5 in Spellcasting
  2953 | Sewer    | Reached XP level 6. HP: 32/32 MP: 9/16
  3084 | Sewer    | Reached skill level 6 in Spellcasting
  3174 | Sewer    | Learned a level 5 spell: Venom Bolt
  3282 | Sewer    | Reached XP level 7. HP: 32/36 MP: 10/18
  3897 | D:4      | Reached skill level 7 in Spellcasting
  4829 | D:4      | Killed from afar by a hound skeleton

Skill      XL: |  1  2  3  4  5  6  7 |
---------------+----------------------+-----
Conjurations   | 1 2 3 4 |  4.0
Poison Magic   | 5 6 |  6.7
Spellcasting   | 4 5 6 7 |  7.6
Stealth        | 3 |  3.2
Dodging        | 3 |  3.5
Polearms       | |  0.1
Air Magic      | |  0.6

Action                   |  1- 3 |  4- 6 |  7- 9 || total
-------------------------+-------+-------+-------++-------
Melee: Whip              |     2 |       |       ||     2
       Spear             |     8 |    28 |    19 ||    55
 Cast: Sting             |    67 |   105 |    92 ||   264
       Mephitic Cloud    |       |     4 |     7 ||    11
       Cure Poison       |       |     1 |     6 ||     7
       Olgreb's Toxic Ra |       |       |     3 ||     3
  Use: Scroll            |     2 |     2 |     2 ||     6
       Potion            |       |     1 |     5 ||     6
 Stab: Confused          |       |     1 |       ||     1
  Eat: Chunk             |     2 |     4 |       ||     6
       Bread ration      |       |     1 |       ||     1
       Meat ration       |       |       |     1 ||     1
Armor: Robe              |     2 |     6 |     9 ||    17
Dodge: Dodged            |    14 |    28 |    55 ||    97
